 Dungeon Crawl Stone Soup version 0.29-a0-495-g17b79114eb (webtiles) character file.

Game seed: 1208418765943670696

135 Zdeegee the Sneak (level 4, 0/33 HPs)
             Began as a Demonspawn Brigand on May 27, 2022.
             Slain by a phantom (5 damage)
             ... on level 3 of the Dungeon.
             The game lasted 00:04:17 (3418 turns).

Zdeegee the Sneak (Demonspawn Brigand)              Turns: 3418, Time: 00:04:18

Health: 0/33       AC:  3    Str: 11    XL:     4   Next: 97%
Magic:  4/4        EV: 12    Int: 12    God:
Gold:   81         SH:  4    Dex: 17    Spells: 3/3 levels left

rFire   . . .      SeeInvis .   a - +2 dagger
rCold   . . .      Faith    .   (no shield)
rNeg    . . .      Spirit   .   b - +0 robe
rPois   .          Reflect  .   (no helmet)
rElec   .          Harm     .   c - +0 cloak
rCorr   .          Rampage  .   (no gloves)
Will    .....                   (no boots)
Stlth   +++.......              l - amulet of magic regeneration
HPRegen 0.11/turn               (no ring)
MPRegen 0.49/turn               (no ring)

@: mighty, flying
A: claws 1, large bone plates 1
a: no special abilities


You were on level 3 of the Dungeon.
You visited 1 branch of the dungeon, and saw 4 of its levels.

You collected 81 gold pieces.

Inventory:

Hand Weapons
 a - a +2 dagger (weapon)
Missiles
 d - 21 poisoned darts (quivered)
 e - 3 curare-tipped darts
 g - 2 throwing nets
 j - 95 stones
Armour
 b - a +0 robe (worn)
 c - a +0 cloak (worn)
 k - a +1 buckler of protection
Jewellery
 f - a ring of poison resistance
 l - an amulet of magic regeneration (around neck)
Scrolls
 h - a scroll of noise
 i - a scroll of enchant weapon {unknown}
 n - 2 scrolls of enchant armour
 q - a scroll of fear {unknown}
 r - a scroll of immolation {unknown}
 s - a scroll of brand weapon {unknown}
 t - a scroll of amnesia {unknown}
 u - a scroll of blinking {unknown}
Potions
 m - a potion of lignification


   Skills:
 * Level 2.1 Fighting
 * Level 2.8 Short Blades
 + Level 1.8 Throwing
 * Level 1.3 Dodging
 * Level 4.7 Stealth
 * Level 0.6 Shields
 * Level 1.1 Hexes
 * Level 0.8 Evocations


You had 3 spell levels left.
You didn't know any spells.
Your spell library was empty.

Dungeon Overview and Level Annotations

Branches:
Dungeon (4/15)
 Temple: D:4-7

Altars:

Shops:
D:1 [

Annotations:
D:3 2 runed translucent doors, happo123's ghost, amateur KoEn


Innate Abilities, Weirdness & Mutations

You have sharp fingernails.
You are partially covered in large bone plates. (SH +4)


Message History

The phantom hits you.
You climb upwards.
Level annotation: 2 runed translucent doors, happo123's ghost, amateur KoEn
There is a stone staircase leading down here.
It was a potion of curing.
You feel better. The phantom misses you.
You closely miss the phantom.
The phantom is lightly damaged.
The phantom hits you.
You closely miss the phantom.
The phantom is lightly damaged.
The phantom barely misses you.
You barely miss the phantom.
The phantom is lightly damaged.
You hit the phantom.
The phantom is lightly damaged.
The phantom hits you.
The phantom blinks!
You blink.
You aren't carrying any items that you can evoke.
You closely miss the phantom.
The phantom is lightly damaged.
The phantom closely misses you.
You hit the phantom.
The phantom is moderately damaged.
The phantom hits you.
* * * LOW HITPOINT WARNING * * *
The phantom blinks!
You blink.
The phantom attacks as you move away! The phantom hits you.
* * * LOW HITPOINT WARNING * * *
It was a potion of might.
You feel very mighty all of a sudden. The phantom closely misses you.
It was a potion of flight.
You feel very buoyant.
You fly up into the air.
The phantom misses you.
You hit the phantom.
The phantom is moderately damaged.
You block the phantom's attack.
You closely miss the phantom.
The phantom is moderately damaged.
The phantom hits you.
You die...

..........#
#................#
.########.#
#..........#####.# .# #.#
#................# .#
######.###.........######.#
†# #......#...........###
#[#### .#
#.###......>.........# #.##..
.# #.# #..#...........#.#
#.##.# .# #.#
#.[#..###W..####.# #.##.#
.###.###........@#......#
#.##.#
..........#..###...###..#
#.##.# ####..##.##..# ##.##
#..# #.##.#
.............####.#
#..####.##.#
#####.............#
#..#.......# #
#.###...##########..#.#....##
# #.#
#.#.............#.#.##.## #
#.# #...####.####.....#.##.#.
#####.####>#####.##
#.#...#.##.#.


You could see a phantom.

Vanquished Creatures
  A hound (D:4)
  An orc priest (D:3)
  An adder (D:3)
  3 orcs (D:3)
  7 bats
  7 endoplasms
  3 giant cockroaches
  2 goblins (D:1)
  4 hobgoblins
  7 kobolds
  2 quokkas
  16 ball pythons
  2 frilled lizards
  6 rats
62 creatures vanquished.

Notes
Turn   | Place    | Note
-------+----------+-------------------------------------------
     0 | D:1      | Zdeegee the Demonspawn Brigand began the quest for the Orb.
     0 | D:1      | Reached XP level 1. HP: 16/16 MP: 1/1
   486 | D:1      | Reached skill level 4 in Stealth
   486 | D:1      | Gained mutation: You have sharp fingernails. [demonic
                  | ancestry]
   486 | D:1      | Reached XP level 2. HP: 22/22 MP: 2/2
   651 | D:1      | Found Baajoasm's Armour Shoppe.
   893 | D:1      | Found a faded altar of an unknown god.
  1314 | D:2      | Reached XP level 3. HP: 26/27 MP: 3/3
  1369 | D:2      | Reached skill level 1 in Dodging
  1749 | D:2      | Identified the +0 robe of the Alphagorgon {Rampage rC+ rN+
                  | Dex+4}
  2501 | D:3      | Reached skill level 1 in Hexes
  2501 | D:3      | Gained mutation: You are partially covered in large bone
                  | plates. (SH +4) [demonic ancestry]
  2501 | D:3      | Reached XP level 4. HP: 23/33 MP: 4/4
  2995 | D:3      | Found a runed translucent door.
  2996 | D:3      | Noticed happo123's ghost (amateur KoEn)
  3042 | D:3      | Found a runed translucent door.
  3367 | D:4      | Noticed a phantom
  3418 | D:3      | Slain by a phantom

Illustrated notes

Levels and vault maps discovered:
D:1:      roderic_chinese_lattice_arrival, layout_rooms,
          ebering_ecumenical_altar_abandoned, serial_shops, shop_fountains,
          feat_on_display
D:2:      layout_loops_cross
D:3:      layout_loops_ring, ebering_ghost_sewer_f
D:4:      layout_loops_corners, mainiacjoe_overflow_small_starburst, uniq_pikel,
          uniq_robin, uniq_edmund

Skill      XL: |  1  2  3 |
---------------+----------+-----
Stealth        | 4 |  4.7
Short Blades   | 2 |  2.8
Dodging        | 1 |  1.3
Hexes          | 1 |  1.1
Fighting       | |  2.1
Throwing       | |  1.8
Shields        | |  0.6
Evocations     | |  0.8

Action                   |  1- 3 |  4- 6 || total
-------------------------+-------+-------++-------
Melee: Dagger            |   131 |    66 ||   197
Throw: Dart              |    10 |     1 ||    11
  Use: Scroll            |     2 |     1 ||     3
       Potion            |       |     3 ||     3
 Stab: Sleeping          |    12 |     6 ||    18
Armor: Robe              |    26 |    16 ||    42
Dodge: Dodged            |    72 |    28 ||   100
Block: Other             |       |     5 ||     5

Table legend: (Time is in decaauts)
 A = Elapsed time spent in this place.
 B = Non-inter-level travel time spent in this place.
 C = Inter-level travel time spent in this place.
 D = Time resting spent in this place.
 E = Time spent auto-exploring this place.
 F = Levels seen in this place.
 G = Mean time per level.
                   A        B        C        D        E       F      G
               +--------+--------+--------+--------+--------+-----+--------+
         Total |   3395 |   3320 |     75 |    529 |   2210 |   4 |  848.8 |
       Dungeon |   3395 |   3320 |     75 |    529 |   2210 |   4 |  848.8 |
               +--------+--------+--------+--------+--------+-----+--------+

Top non-repeatable levels by time:
     D:3: 1354 daAuts
     D:1: 989 daAuts
     D:2: 925 daAuts
     D:4: 126 daAuts
